[Event "WYCC 2018 O14"]
[Site "Halkidiki"]
[Date "2018.10.26"]
[Round "7"]
[White "Gombocz, Ferenc Jr."]
[Black "Murzin, Volodar"]
[Result "0-1"]
[ECO "A15"]
[WhiteElo "2271"]
[BlackElo "2340"]
[Annotator "NA"]
[PlyCount "130"]
[EventDate "2018.10.20"]
[EventType "swiss"]
[EventCountry "GRE"]
[SourceTitle "playchess.com"]
[Source "ChessBase"]
[SourceQuality "1"]
[TimeControl "40/5400+30:1800+30"]

1. c4 Nf6 2. g3 c6 3. Bg2 d5 4. Nf3 dxc4 5. O-O Nbd7 6. Qc2 Nb6 7. a4 a5 8. Na3 g6 9. Nxc4 Nxc4 10. Qxc4 Bg7 11. d3 Be6 12. Qc2 O-O 13. Ng5 Bd7 14. Qb3 b6 15. Be3 h6 16. Nf3 Nd5 17. Bd4 Bxd4 18. Nxd4 e5 19. Bxd5 exd4 20. Bg2 Rc8 21. Rac1 Be6 22. Qc2 c5 23. Qd2 Kg7 24. e4 dxe3 25. fxe3 Qd7 26. Qc3+ Kg8 27. Rf6 Qxa4 28. Be4 Qb4 29. Qe5 Rce8 30. Rcf1 Bf5 31. Qc7 Qxb2 32. Rxb6 Qd2 33. Qf4 Bxe4 34. dxe4 Qd8 35. Rb7 Re7 36. Rb5 Qe8 37. Rxc5 Rxe4 38. Qxh6 Re5 39. Rc4 Rh5 40. Qf4 Rf5 41. Qd4 Rxf1+ 42. Kxf1 Qb8 43. Kf2 Qb1 44. Qc3 Rb8 45. Rc8+ Rxc8 46. Qxc8+ Kh7 47. Qc4 Qb2+ 48. Kf3 Kg7 49. h4 Qa1 50. Kg2 a4 51. h5 Qb2+ 52. Kh3 a3 53. hxg6 Kxg6 54. Qa6+ Kg7 55. Qa5 Kg6 56. Qa6+ Kf5 57. Qc8+ Ke4 58. Qe8+ Kd3 59. Qxf7 a2 60. Qd5+ Kxe3 61. Qe6+ Kf2 62. Qf5+ Kg1 63. Qc5+ Qf2 64. Qe5 Qf1+ 65. Kg4 a1=Q 0-1

[Event "WYCC 2018 O14"]
[Site "Halkidiki"]
[Date "2018.10.26"]
[Round "7"]
[White "Srihari L R"]
[Black "Krastev, Alexander"]
[Result "1/2-1/2"]
[ECO "A48"]
[WhiteElo "2170"]
[BlackElo "2298"]
[Annotator "NA"]
[PlyCount "84"]
[EventDate "2018.10.20"]
[EventType "swiss"]
[EventCountry "GRE"]
[SourceTitle "playchess.com"]
[Source "ChessBase"]
[SourceQuality "1"]
[TimeControl "40/5400+30:1800+30"]

1. d4 Nf6 2. Nf3 g6 3. Bg5 Bg7 4. Nbd2 c5 {[%emt 0:03:47] LiveBook: 478 Games} 5. c3 cxd4 6. cxd4 Nc6 7. Bxf6 Bxf6 8. d5 Ne5 9. Nxe5 Bxe5 10. Nc4 Bg7 $11 11. a4 d6 12. e4 O-O 13. Bd3 b6 14. O-O Bd7 15. Qe2 Qb8 16. Ra2 Rc8 17. b3 Qc7 18. Rc2 Qd8 19. Rfc1 Bh6 20. Ra1 Rc7 21. g3 Rac8 22. f4 a6 23. Rac1 b5 24. axb5 axb5 25. Na3 Rxc2 26. Rxc2 Rxc2 27. Nxc2 Bg7 28. Nb4 Qc7 29. Nc6 Bxc6 30. dxc6 Qxc6 31. Bxb5 Qc1+ 32. Kg2 Bd4 33. Bc4 h5 34. Qf1 Qe3 35. Qf3 Qd2+ 36. Qe2 Qc1 37. Qf1 Qc3 38. Qf3 Qb2+ 39. Qe2 Qa1 40. Qf1 Qa2+ 41. Qe2 Qa7 42. Qf3 Qa2+ 1/2-1/2

[Event "WYCC 2018 O14"]
[Site "Halkidiki"]
[Date "2018.10.26"]
[Round "7"]
[White "Mishra, Abhimanyu"]
[Black "Kouvidis, Ioannis"]
[Result "1-0"]
[ECO "C10"]
[WhiteElo "2149"]
[BlackElo "1896"]
[Annotator "NA"]
[PlyCount "81"]
[EventDate "2018.10.20"]
[EventType "swiss"]
[EventCountry "GRE"]
[SourceTitle "playchess.com"]
[Source "ChessBase"]
[SourceQuality "1"]
[TimeControl "40/5400+30:1800+30"]

1. e4 e6 2. d4 d5 3. Nc3 Nc6 4. Nf3 Nf6 5. e5 Ne4 6. Ne2 f6 7. Ng3 fxe5 8. dxe5 Be7 9. c3 O-O 10. Be3 Bd7 11. Bd3 Nc5 12. Bc2 Be8 13. Qb1 h6 14. Nd4 Bf7 15. f4 Nxd4 16. cxd4 Nd7 17. O-O c5 18. dxc5 Bxc5 19. Bxc5 Nxc5 20. b4 Nd7 21. Qb2 Qb6+ 22. Kh1 Rac8 23. Bd3 Rc7 24. Rae1 a5 25. a3 axb4 26. axb4 Nc5 27. Bb1 Na6 28. b5 Rc5 29. Bd3 Nc7 30. Ne2 Be8 31. Nd4 Bd7 32. Nb3 Rxb5 33. Bxb5 Nxb5 34. Rc1 Nd4 35. Qxd4 Qxb3 36. Rb1 Qc2 37. Rfc1 Qe2 38. Rxb7 Bc6 39. Rb2 Rxf4 40. Qxf4 Qxb2 41. Rxc6 1-0

[Event "WYCC 2018 O14"]
[Site "Halkidiki"]
[Date "2018.10.26"]
[Round "7"]
[White "Krallis, Christos"]
[Black "Shermuhammadov, Samandar"]
[Result "1-0"]
[ECO "A10"]
[WhiteElo "2139"]
[BlackElo "1962"]
[Annotator "NA"]
[PlyCount "99"]
[EventDate "2018.10.20"]
[EventType "swiss"]
[EventCountry "GRE"]
[SourceTitle "playchess.com"]
[Source "ChessBase"]
[SourceQuality "1"]
[TimeControl "40/5400+30:1800+30"]

1. c4 d6 2. g3 g6 3. Bg2 Bg7 4. Nc3 e5 5. d3 Ne7 6. e4 O-O 7. Nge2 Nbc6 8. O-O Nd4 9. Nxd4 exd4 10. Ne2 c6 11. Nf4 b6 12. b4 Bb7 13. Qb3 Qd7 14. a4 a6 15. Bb2 c5 16. a5 Qc7 17. axb6 Qxb6 18. Ba3 a5 19. b5 Be5 20. Bc1 f5 21. f3 a4 22. Rxa4 Rxa4 23. Qxa4 Ra8 24. Qc2 Qa5 25. Ne2 Qa4 26. Qxa4 Rxa4 27. Bh3 Ra2 28. Nf4 Kf7 29. Bg2 Nc8 30. g4 Rc2 31. Nh3 Nb6 32. Ng5+ Kg8 33. exf5 gxf5 34. gxf5 Rxc1 35. Rxc1 Bf4 36. Re1 Bxg5 37. Re8+ Kf7 38. Rb8 Bc8 39. Rxb6 Bxf5 40. Bf1 d5 41. Rc6 Be3+ 42. Kg2 dxc4 43. Rxc5 Bxd3 44. Bxd3 cxd3 45. Kf1 d2 46. Rc7+ Ke6 47. Ke2 h5 48. Rh7 Kd5 49. Rxh5+ Kc4 50. Kd1 1-0

[Event "WYCC 2018 O14"]
[Site "Halkidiki"]
[Date "2018.10.26"]
[Round "7"]
[White "Rasti, Arvin"]
[Black "Radojicic, Aleksandar M"]
[Result "1/2-1/2"]
[ECO "A57"]
[WhiteElo "2064"]
[BlackElo "1814"]
[Annotator "NA"]
[PlyCount "43"]
[EventDate "2018.10.20"]
[EventType "swiss"]
[EventCountry "GRE"]
[SourceTitle "playchess.com"]
[Source "ChessBase"]
[SourceQuality "1"]
[TimeControl "40/5400+30:1800+30"]

1. d4 Nf6 2. c4 c5 3. d5 b5 4. Qc2 b4 5. e4 d6 6. Nf3 g6 7. Bg5 Qc7 8. Nbd2 Bg7 9. Bd3 O-O 10. h3 a5 11. O-O e6 12. Rfe1 h6 13. Bxf6 Bxf6 14. dxe6 Bxe6 15. Nf1 Nc6 16. Ne3 Nd4 17. Nxd4 Bxd4 18. Nd5 Bxd5 19. exd5 Qd7 20. Qd2 Rfe8 21. Kh1 a4 22. Rad1 1/2-1/2

[Event "WYCC 2018 O14"]
[Site "Halkidiki"]
[Date "2018.10.26"]
[Round "7"]
[White "Antonica, Dragos-Andrei"]
[Black "Ngo, Duc Tri"]
[Result "0-1"]
[ECO "D10"]
[WhiteElo "2061"]
[BlackElo "1883"]
[Annotator "NA"]
[PlyCount "90"]
[EventDate "2018.10.20"]
[EventType "swiss"]
[EventCountry "GRE"]
[SourceTitle "playchess.com"]
[Source "ChessBase"]
[SourceQuality "1"]
[TimeControl "40/5400+30:1800+30"]

1. d4 d5 2. c4 c6 3. Nc3 dxc4 4. g3 Nf6 5. Bg2 e5 6. dxe5 Qxd1+ 7. Nxd1 Bb4+ 8. Bd2 Bxd2+ 9. Kxd2 Nd5 10. e4 Nb4 11. Kc3 a5 12. Bh3 Nd7 13. Bxd7+ Bxd7 14. a3 b5 15. b3 Nd3 16. bxc4 Nxe5 17. Ne3 Be6 18. cxb5 cxb5 19. f4 Rc8+ 20. Kd2 Nc4+ 21. Nxc4 Rxc4 22. Ke3 O-O 23. Ne2 Re8 24. Rhc1 Rec8 25. Rxc4 Rxc4 26. Rd1 g6 27. Rd8+ Kg7 28. Rd4 Rc5 29. Kd2 g5 30. f5 Bc4 31. Rd6 Bxe2 32. Kxe2 Rc2+ 33. Kf3 h5 34. Rd3 Rxh2 35. Rb3 h4 36. Rxb5 Rh3 37. Rxa5 Rxg3+ 38. Kf2 g4 39. e5 Rf3+ 40. Kg1 g3 41. Ra4 h3 42. Rg4+ Kf8 43. f6 g2 44. Kh2 Rf1 45. Rb4 g1=Q+ 0-1

[Event "WYCC 2018 O14"]
[Site "Halkidiki"]
[Date "2018.10.26"]
[Round "7"]
[White "Soriano Quispe, Ivan Excender"]
[Black "Trifan, Andrei Ioan"]
[Result "0-1"]
[ECO "E98"]
[WhiteElo "2054"]
[BlackElo "2290"]
[Annotator "NA"]
[PlyCount "136"]
[EventDate "2018.10.20"]
[EventType "swiss"]
[EventCountry "GRE"]
[SourceTitle "playchess.com"]
[Source "ChessBase"]
[SourceQuality "1"]
[TimeControl "40/5400+30:1800+30"]

1. d4 Nf6 2. c4 g6 3. Nc3 Bg7 4. e4 d6 5. Nf3 O-O 6. Be2 e5 7. O-O Nc6 8. d5 Ne7 9. Ne1 Nd7 10. Be3 f5 11. f3 f4 12. Bf2 g5 $16 13. g4 fxg3 14. hxg3 Ng6 15. Ng2 Nf6 16. Ne3 Bh3 17. Nf5 Ne7 18. Nxg7 Kxg7 19. Qd2 g4 20. fxg4 Qd7 21. Qg5+ Ng6 22. Qf5 Qe8 23. Qg5 h6 24. Qd2 Bxf1 25. Rxf1 Qd7 26. Qd1 Nh7 27. Be3 Rxf1+ 28. Qxf1 Qe7 29. Qc1 Ng5 30. Kg2 a5 31. Nd1 Qf6 32. Qd2 Ne7 33. Nf2 Qg6 34. Bd3 Ng8 35. c5 Nf6 36. cxd6 cxd6 37. Qc2 Nf7 38. Qe2 Kh8 39. Qd1 Rg8 40. Be2 Nxe4 41. Qc2 Nf6 42. Qb3 h5 43. Bd3 e4 44. Be2 Nxg4 45. Nxg4 hxg4 46. Qxb7 Ne5 47. Qe7 Qh5 48. Qf6+ Kh7 49. Bd4 Qh3+ 50. Kf2 Qh2+ 51. Ke3 Qxg3+ 52. Kxe4 Qg2+ 53. Kf5 Qh3 54. Bxe5 Qh5+ 55. Ke4 dxe5 56. Bd3 Qg5 57. Qxe5 Qxe5+ 58. Kxe5+ Kg7 59. Be4 g3 60. Bg2 Kf7 61. d6 Ke8 62. a3 a4 63. Kd5 Kd7 64. Bh3+ Kd8 65. Bg2 Rf8 66. Kc5 Rf2 67. Bh3 Rxb2 68. Kc4 g2 0-1

[Event "WYCC 2018 O14"]
[Site "Halkidiki"]
[Date "2018.10.26"]
[Round "7"]
[White "Gavriil, Odysseas-Panagiotis"]
[Black "Czopor, Maciej"]
[Result "1-0"]
[ECO "E59"]
[WhiteElo "2009"]
[BlackElo "2219"]
[Annotator "NA"]
[PlyCount "135"]
[EventDate "2018.10.20"]
[EventType "swiss"]
[EventCountry "GRE"]
[SourceTitle "playchess.com"]
[Source "ChessBase"]
[SourceQuality "1"]
[TimeControl "40/5400+30:1800+30"]

1. d4 Nf6 2. c4 e6 3. Nc3 Bb4 4. e3 O-O 5. Bd3 d5 6. Nf3 c5 7. O-O Nc6 8. a3 Bxc3 9. bxc3 dxc4 10. Bxc4 Qc7 11. Bd3 e5 12. Qc2 Re8 13. e4 Nd7 14. Be3 b6 15. d5 Nd8 16. Nd2 f6 17. a4 a5 18. f4 Nf7 19. f5 Nd6 20. Nc4 Nxc4 21. Bxc4 Qd6 22. g4 h6 23. Rf3 Nf8 24. h4 Nh7 25. Rb1 Bd7 26. Rf2 Rab8 27. Bb5 Nf8 28. Qd3 Kf7 29. Rfb2 Rec8 30. Qc4 Rc7 31. Kf2 Bxb5 32. Rxb5 Nd7 33. Rg1 Rh8 34. Ke1 Rcc8 35. Rb2 Rb8 36. Rbg2 Rbg8 37. Kd1 Rh7 38. Kc1 Rgh8 39. Qb5 Rg8 40. Qc6 Ke7 41. g5 hxg5 42. hxg5 Rf8 43. gxf6+ gxf6 44. Rg7+ Rf7 45. Rxh7 Rxh7 46. Rg8 Rh1+ 47. Kc2 Qxc6 48. dxc6 Kd6 49. cxd7 Kxd7 50. Rb8 Kc7 51. Rf8 Rh4 52. Rf7+ Kd8 53. Rxf6 Rxe4 54. Bg5 Rxa4 55. Rxb6+ Ke8 56. Re6+ Kf7 57. Re7+ Kf8 58. Rxe5 Rg4 59. Be7+ Kf7 60. Bxc5 a4 61. Re2 Kf6 62. Rf2 Rc4 63. Bd4+ Kf7 64. f6 Rc8 65. Kb1 Ra8 66. Ka2 Ra6 67. Ka3 Ra8 68. Rb2 1-0

[Event "WYCC 2018 O14"]
[Site "Halkidiki"]
[Date "2018.10.26"]
[Round "7"]
[White "Egorov, Mikhail"]
[Black "Galkin, Gleb"]
[Result "1/2-1/2"]
[ECO "D30"]
[WhiteElo "2006"]
[BlackElo "2134"]
[Annotator "NA"]
[PlyCount "118"]
[EventDate "2018.10.20"]
[EventType "swiss"]
[EventCountry "GRE"]
[SourceTitle "playchess.com"]
[Source "ChessBase"]
[SourceQuality "1"]
[TimeControl "40/5400+30:1800+30"]

1. d4 d5 2. c4 e6 3. Nf3 Nf6 4. g3 Bb4+ 5. Bd2 Be7 $11 {[%emt 0:00:03] LiveBook: 3469 Games} 6. Bg2 O-O 7. O-O c6 8. Qc2 b6 9. Rd1 Nbd7 10. Bf4 Bb7 11. Ne5 Nh5 12. Bd2 Nhf6 13. cxd5 cxd5 14. Nc6 Bxc6 15. Qxc6 Rc8 16. Qb5 Ne8 17. Qd3 Nd6 18. b3 f5 19. e3 Qc7 20. Na3 Ne4 21. Nb5 Qb7 22. Be1 a6 23. Nc3 b5 24. f3 Nxc3 25. Bxc3 Qc6 26. Rac1 Ba3 27. Bb2 Qd6 28. Bxa3 Qxa3 29. Rc2 Nb6 30. Rdd2 Qd6 31. Bh3 Qb4 32. Qe2 g6 33. Kf2 Qd6 34. Qd3 Nd7 35. Rd1 Rc6 36. Rdc1 Rfc8 37. Bf1 Nb6 38. Be2 Kf7 39. Qd2 Ke7 40. Rxc6 Rxc6 41. Rxc6 Qxc6 42. Qa5 Na8 43. Qb4+ Qd6 44. Qc3 Qc7 45. Qd2 Qc6 46. Qb4+ Qd6 47. Qa5 Qb6 48. Qe1 Nc7 49. Qc1 b4 50. a4 a5 51. Ke1 Kd6 52. Kd2 Qc6 53. Qxc6+ Kxc6 54. Bd3 Kd6 55. e4 Ke7 56. Ke3 Kf6 57. exf5 exf5 58. h4 h6 59. Be2 g5 1/2-1/2

[Event "WYCC 2018 O14"]
[Site "Halkidiki"]
[Date "2018.10.26"]
[Round "7"]
[White "Chatzieleftheriou, Andreas"]
[Black "Patrelakis, Evaggelos"]
[Result "1/2-1/2"]
[ECO "B81"]
[WhiteElo "1984"]
[BlackElo "2146"]
[Annotator "NA"]
[PlyCount "115"]
[EventDate "2018.10.20"]
[EventType "swiss"]
[EventCountry "GRE"]
[SourceTitle "playchess.com"]
[Source "ChessBase"]
[SourceQuality "1"]
[TimeControl "40/5400+30:1800+30"]

1. e4 c5 2. Nf3 e6 3. d4 cxd4 4. Nxd4 Nf6 5. Nc3 d6 $11 {[%emt 0:00:06] LiveBook: 12461 Partien} 6. g4 a6 7. g5 Nfd7 8. Be3 b5 9. a3 Bb7 10. f4 Qc7 11. f5 e5 12. Nb3 Nb6 13. Na5 Na4 14. Nxb7 Nxc3 15. bxc3 Qxb7 16. Qd5 Qxd5 17. exd5 Be7 18. c4 bxc4 19. Bxc4 Nd7 20. Rb1 O-O 21. Ke2 Rfc8 22. Rb7 Rxc4 23. Rxd7 Bf8 24. Rb1 Rxc2+ 25. Bd2 Rac8 26. Rb3 Ra2 27. Ra7 Rcc2 28. Rd3 Rc4 29. Ra8 Rb2 30. Kd1 e4 31. Rc3 Rxc3 32. Bxc3 Rb5 33. f6 Rxd5+ 34. Ke2 gxf6 35. Bxf6 Rd3 36. Be7 Kg7 37. Bxf8+ Kg6 38. Rxa6 Kxg5 39. Rxd6 Rb3 40. Rd7 f5 41. Rg7+ Kf6 42. Rxh7 f4 43. Bc5 Rb2+ 44. Kd1 Ra2 45. h3 e3 46. Re7 Rh2 47. Re8 Rxh3 48. a4 Rh2 49. Bxe3 fxe3 50. Rxe3 Ra2 51. Re4 Kf5 52. Rb4 Ke5 53. Kc1 Kd5 54. Kb1 Rh2 55. a5 Kc5 56. Rb8 Rh6 57. Kb2 Ra6 58. Rh8 1/2-1/2

[Event "WYCC 2018 O14"]
[Site "Halkidiki"]
[Date "2018.10.26"]
[Round "7"]
[White "Domalchuk-Jonasson, Aleksandr"]
[Black "Manafov, Vugar"]
[Result "0-1"]
[ECO "E42"]
[WhiteElo "1963"]
[BlackElo "2245"]
[Annotator "NA"]
[PlyCount "88"]
[EventDate "2018.10.20"]
[EventType "swiss"]
[EventCountry "GRE"]
[SourceTitle "playchess.com"]
[Source "ChessBase"]
[SourceQuality "1"]
[TimeControl "40/5400+30:1800+30"]

1. d4 Nf6 2. c4 e6 3. Nc3 Bb4 4. e3 c5 5. Nge2 cxd4 6. exd4 O-O 7. a3 Be7 8. Nf4 d6 9. Be2 Nc6 10. Be3 a5 11. O-O d5 12. cxd5 exd5 13. Qb3 a4 14. Nxa4 Na5 15. Qa2 Nc4 16. Nc3 Nxe3 17. fxe3 Be6 18. Bf3 Bd6 19. Nxe6 fxe6 20. Qb3 Qc7 21. h3 Rad8 22. Rac1 Qe7 23. e4 dxe4 24. Nxe4 Nxe4 25. Bxe4 Bf4 26. Rcd1 Kh8 27. Rfe1 Bb8 28. g3 Ba7 29. Bg2 Bxd4+ 30. Kh2 e5 31. Re2 b6 32. Qc4 Qg5 33. h4 Qg4 34. Qb5 Bf2 35. Rd3 Rxd3 36. Qxd3 Bxg3+ 37. Kg1 Qxh4 38. Be4 Bf2+ 39. Kg2 Qg4+ 40. Kh2 Bg1+ 41. Kh1 Bd4 42. Rg2 Rf1+ 43. Kh2 Qh4+ 44. Qh3 Rh1+ 0-1

[Event "WYCC 2018 O14"]
[Site "Halkidiki"]
[Date "2018.10.26"]
[Round "7"]
[White "Bolognese, Leonardo"]
[Black "Turcan, Richard"]
[Result "1-0"]
[ECO "D91"]
[WhiteElo "1947"]
[BlackElo "2218"]
[Annotator "NA"]
[PlyCount "65"]
[EventDate "2018.10.20"]
[EventType "swiss"]
[EventCountry "GRE"]
[SourceTitle "playchess.com"]
[Source "ChessBase"]
[SourceQuality "1"]
[TimeControl "40/5400+30:1800+30"]

1. d4 Nf6 2. c4 g6 3. Nc3 d5 4. Nf3 Bg7 5. Bg5 Ne4 6. cxd5 Nxg5 7. Nxg5 e6 8. Qa4+ Bd7 9. Qb3 exd5 10. Qxd5 O-O 11. Nf3 Nc6 12. e3 Nb4 13. Qb3 c5 14. dxc5 Qa5 15. a3 Nd5 16. O-O-O Bxc3 17. Rxd5 Be6 18. Bc4 Bxd5 19. Bxd5 Bf6 20. Kb1 Qxc5 21. Rc1 Qd6 22. Rd1 Qe7 23. e4 Rfd8 24. h4 Rac8 25. e5 Bg7 26. Ng5 Rf8 27. e6 f6 28. Bxb7 Rc7 29. Rd7 Rxd7 30. exd7+ Kh8 31. Qe6 Qd8 32. Nf7+ Rxf7 33. Qxf7 1-0

[Event "WYCC 2018 O14"]
[Site "Halkidiki"]
[Date "2018.10.26"]
[Round "7"]
[White "Unneland, Mathias"]
[Black "Karadzhov, Ivan"]
[Result "0-1"]
[ECO "D16"]
[WhiteElo "1884"]
[BlackElo "2040"]
[Annotator "NA"]
[PlyCount "102"]
[EventDate "2018.10.20"]
[EventType "swiss"]
[EventCountry "GRE"]
[SourceTitle "playchess.com"]
[Source "ChessBase"]
[SourceQuality "1"]
[TimeControl "40/5400+30:1800+30"]

1. d4 d5 2. c4 c6 3. Nf3 Nf6 4. Nc3 dxc4 5. a4 g6 6. e3 Be6 7. Ne5 Bg7 8. Bxc4 Bxc4 9. Nxc4 O-O 10. O-O Nbd7 11. b4 Qc7 12. f4 Nd5 13. Nxd5 cxd5 14. Ne5 f6 15. Nxd7 Qxd7 16. Qb3 e5 17. e4 Kh8 18. Qxd5 Qxd5 19. exd5 e4 20. Be3 Rad8 21. Rac1 Rf7 22. Rc4 Rxd5 23. Rfc1 Bf8 24. Rc8 Kg7 25. b5 f5 26. R1c7 Rfd7 27. Kf2 Be7 28. Rc4 Bf6 29. R8c7 Kf7 30. Ke2 Ke6 31. Rxd7 Kxd7 32. h3 Be7 33. g4 a6 34. bxa6 bxa6 35. g5 Rd6 36. Rb4 Rc6 37. Rb7+ Rc7 38. Rb6 a5 39. Bd2 Rc4 40. Rb7+ Ke8 41. Bxa5 Rxd4 42. Bd2 Rxa4 43. Rb8+ Bd8 44. Rb7 Ra2 45. Kd1 Be7 46. Rb8+ Kd7 47. Rb7+ Ke6 48. Rb6+ Kd5 49. Rb7 Bc5 50. Rb3 e3 51. Bxe3 {[%emt 0:00:28] Ke5} Kc4 0-1

[Event "WYCC 2018 O14"]
[Site "Halkidiki"]
[Date "2018.10.26"]
[Round "7"]
[White "Tsarsitalidis, Konstantinos"]
[Black "Torngren, Gustav"]
[Result "0-1"]
[ECO "B35"]
[WhiteElo "1864"]
[BlackElo "2107"]
[Annotator "NA"]
[PlyCount "140"]
[EventDate "2018.10.20"]
[EventType "swiss"]
[EventCountry "GRE"]
[SourceTitle "playchess.com"]
[Source "ChessBase"]
[SourceQuality "1"]
[TimeControl "40/5400+30:1800+30"]

1. e4 c5 2. Nf3 Nc6 3. d4 cxd4 4. Nxd4 g6 5. Nc3 Bg7 6. Be3 Nf6 7. Bc4 Qa5 8. O-O O-O 9. Bb3 d6 10. Nd5 Qd8 11. Nxf6+ Bxf6 12. c3 Bd7 13. f4 Na5 14. Qe2 Qc8 15. h3 a6 16. Rac1 Nxb3 17. axb3 b5 18. e5 dxe5 19. fxe5 Bg7 20. Bf4 Qc5 21. b4 Qb6 22. Kh2 Be6 23. Qe4 Bc4 24. Rfd1 e6 25. Nc2 Bd5 26. Qe2 Qc7 27. Rd4 Rfd8 28. Rcd1 Bb3 29. Rxd8+ Rxd8 30. Rxd8+ Qxd8 31. Nd4 Bd5 32. Qe3 Qc7 33. b3 h5 34. Bg3 Qb6 35. Qg5 Qc7 36. Qe3 Qb8 37. Qf4 h4 38. Qxh4 Bxe5 39. Bxe5 Qxe5+ 40. Qg3 Qe4 41. Qb8+ Kg7 42. Qg3 Kf6 43. Qf2+ Ke7 44. Nf3 Qf4+ 45. Kg1 Qc1+ 46. Qe1 Qxe1+ 47. Nxe1 Bxb3 48. Nd3 Kd6 49. Nc5 Bd5 50. Nxa6 Bc6 51. Kf2 Kd5 52. Nb8 Bb7 53. Nd7 Kc4 54. Ne5+ Kxc3 55. Nxf7 Kxb4 56. g4 Kc3 57. Nd6 Bc6 58. h4 Kd4 59. h5 gxh5 60. gxh5 Ke5 61. h6 Kf6 62. Ke3 b4 63. Nc4 Bd5 64. Ne5 b3 65. Nd3 Kg6 66. Kd4 Kxh6 67. Kc3 Kg5 68. Nb4 Kf4 69. Nxd5+ exd5 70. Kxb3 Ke3 0-1

[Event "WYCC 2018 O14"]
[Site "Halkidiki"]
[Date "2018.10.26"]
[Round "7"]
[White "Vujovic, Savo"]
[Black "Marn, Jan"]
[Result "0-1"]
[ECO "C88"]
[WhiteElo "1781"]
[BlackElo "2125"]
[Annotator "NA"]
[PlyCount "52"]
[EventDate "2018.10.20"]
[EventType "swiss"]
[EventCountry "GRE"]
[SourceTitle "playchess.com"]
[Source "ChessBase"]
[SourceQuality "1"]
[TimeControl "40/5400+30:1800+30"]

1. e4 e5 2. Nf3 Nc6 3. Bb5 a6 4. Ba4 Nf6 5. O-O Be7 $11 {[%emt 0:00:13] LiveBook: 36347 Games} 6. Re1 b5 7. Bb3 d6 8. h3 Na5 9. Nc3 O-O 10. d3 b4 11. Nd5 Nxd5 12. exd5 Nxb3 13. axb3 f5 14. Bd2 Bb7 15. Bxb4 Bxd5 16. d4 e4 17. Nh2 Qe8 18. c4 Bf7 19. Ba5 c6 20. d5 cxd5 21. cxd5 Qb5 22. Bc3 Qxd5 23. Qxd5 Bxd5 24. b4 f4 25. Ra5 Bb7 26. Nf3 Bd8 0-1

[Event "WYCC 2018 O14"]
[Site "Halkidiki"]
[Date "2018.10.26"]
[Round "7"]
[White "Dabarera, G W D M"]
[Black "Van Dael, Siem"]
[Result "0-1"]
[ECO "C29"]
[WhiteElo "1768"]
[BlackElo "2202"]
[Annotator "NA"]
[PlyCount "40"]
[EventDate "2018.10.20"]
[EventType "swiss"]
[EventCountry "GRE"]
[SourceTitle "playchess.com"]
[Source "ChessBase"]
[SourceQuality "1"]
[TimeControl "40/5400+30:1800+30"]

1. e4 e5 2. Nc3 Nf6 3. f4 d5 4. fxe5 Nxe4 $11 5. Qf3 f5 6. d3 Nxc3 7. bxc3 d4 8. Ne2 dxc3 9. Nf4 g6 10. Be2 Nc6 11. O-O Bg7 12. Ba3 Nd4 13. Qg3 Ne6 14. Kh1 Qd4 15. Nxe6 Bxe6 16. Qg5 c5 17. Rab1 b6 18. Rf4 Qxe5 19. Bf3 Rd8 20. Bc6+ Kf7 0-1

[Event "WYCC 2018 O14"]
[Site "Halkidiki"]
[Date "2018.10.27"]
[Round "8"]
[White "Bjerre, Jonas Buhl"]
[Black "Kushagra Mohan"]
[Result "1/2-1/2"]
[ECO "C80"]
[WhiteElo "2438"]
[BlackElo "2283"]
[Annotator "NA RC"]
[PlyCount "75"]
[EventDate "2018.10.20"]
[EventType "swiss"]
[EventCountry "GRE"]
[SourceTitle "playchess.com"]
[Source "ChessBase"]
[SourceQuality "1"]
[TimeControl "40/5400+30:1800+30"]

1. e4 e5 2. Nf3 Nc6 3. Bb5 a6 4. Ba4 Nf6 5. O-O Nxe4 6. d4 b5 7. Bb3 d5 8. dxe5 Be6 9. Nbd2 Nc5 10. c3 Be7 11. Bc2 $14 {[%emt 0:01:07] LiveBook: 663 Games} d4 12. Nb3 d3 13. Bb1 Nxb3 14. axb3 Bf5 15. Re1 O-O 16. Be3 Qd5 17. Bd4 d2 18. Re2 Bxb1 19. Rxb1 Nxd4 20. Nxd4 Bg5 21. g3 c5 22. Nf5 Qd3 23. Nd6 Qg6 24. h4 Bxh4 25. Rxd2 Be7 26. Qe1 Qe6 27. Qe3 Bxd6 28. Rxd6 Qxb3 29. Qxc5 Qc2 30. Ra1 Rac8 31. Qa3 Qe4 32. Rad1 Qxe5 33. Qxa6 Rb8 34. Qa7 h6 35. Qd4 Rfe8 36. Rd5 Qe2 37. Rd2 Qf3 38. Rd1 1/2-1/2

[Event "WYCC 2018 O14"]
[Site "Halkidiki"]
[Date "2018.10.27"]
[Round "8"]
[White "Spyropoulos, Nikolaos"]
[Black "Tsay, Vincent"]
[Result "1-0"]
[ECO "B42"]
[WhiteElo "2378"]
[BlackElo "2310"]
[Annotator "NA"]
[PlyCount "135"]
[EventDate "2018.10.20"]
[EventType "swiss"]
[EventCountry "GRE"]
[SourceTitle "playchess.com"]
[Source "ChessBase"]
[SourceQuality "1"]
[TimeControl "40/5400+30:1800+30"]

1. e4 c5 2. Nf3 e6 3. d4 cxd4 4. Nxd4 a6 5. Bd3 Bc5 6. Nb3 Ba7 7. O-O Ne7 8. c4 Nbc6 9. Nc3 O-O 10. Bf4 d6 11. Qd2 e5 12. Be3 Bxe3 13. fxe3 Be6 14. Nd5 a5 15. Nc1 Bxd5 16. exd5 Nb8 17. Ne2 Nd7 18. Nc3 Nc5 19. Bc2 Nc8 20. Rf3 g6 21. Raf1 Nb6 22. Qe2 f5 23. Nb5 Qe7 24. Kh1 Na6 25. R3f2 Nc7 26. Nc3 Nd7 27. g3 Qg5 28. a3 Nf6 29. c5 Ng4 30. Rf3 Qe7 31. e4 f4 32. gxf4 dxc5 33. f5 Ra6 34. Qg2 Nh6 35. fxg6 Rxf3 36. gxh7+ Kxh7 37. Qxf3 Rg6 38. Bd1 Ne8 39. Qf8 Qg5 40. Qf2 Nd6 41. Rg1 Qxg1+ 42. Qxg1 Rxg1+ 43. Kxg1 Kg7 44. Be2 Kf6 45. Kf2 Nhf7 46. Ke3 Ng5 47. h4 Nh3 48. Na4 Nf4 49. Bf1 c4 50. Nb6 Ke7 51. Kf3 Ng6 52. h5 Nf4 53. h6 Nf7 54. Nxc4 Ng6 55. Nxa5 Nxh6 56. Nxb7 Nf7 57. a4 Kd7 58. b4 Kc7 59. Nc5 Nd6 60. a5 Ne7 61. b5 Nf7 62. b6+ Kb8 63. a6 Nd6 64. Nd7+ Ka8 65. Bb5 Nb7 66. Bc6 Nxc6 67. dxc6 Nd6 68. b7+ 1-0

[Event "WYCC 2018 O14"]
[Site "Halkidiki"]
[Date "2018.10.27"]
[Round "8"]
[White "Kacharava, Nikolozi"]
[Black "Tengis, Tsog-Ochir"]
[Result "1-0"]
[ECO "C54"]
[WhiteElo "2373"]
[BlackElo "2205"]
[Annotator "NA"]
[PlyCount "105"]
[EventDate "2018.10.20"]
[EventType "swiss"]
[EventCountry "GRE"]
[SourceTitle "playchess.com"]
[Source "ChessBase"]
[SourceQuality "1"]
[TimeControl "40/5400+30:1800+30"]

1. e4 e5 2. Nf3 Nc6 3. Bc4 Bc5 4. c3 Nf6 5. d3 d6 6. O-O O-O 7. Nbd2 Be6 8. b4 Bb6 9. a4 a6 10. h3 Ba7 11. Re1 h6 12. Bb2 Qd7 13. b5 Ne7 14. bxa6 bxa6 15. d4 exd4 16. cxd4 Bxc4 17. Nxc4 d5 18. Nce5 Qd8 19. exd5 Qxd5 20. Qc2 Rfc8 21. Ng4 Ng6 22. Nxf6+ gxf6 23. Qd2 Rab8 24. Ba3 Kh7 25. Rac1 Rb3 26. Re3 Rxe3 27. fxe3 c6 28. Qd3 Rg8 29. Kh1 a5 30. Qc4 Rb8 31. Qxc6 Qb3 32. Qc4 Qxc4 33. Rxc4 Rb3 34. Bd6 Kg7 35. e4 Rb6 36. Bc7 Rb4 37. Nd2 Rb2 38. Nf3 Rb1+ 39. Kh2 Rb4 40. Rxb4 axb4 41. Ba5 b3 42. Nd2 Bxd4 43. Nxb3 Be5+ 44. Kh1 Kf8 45. Bd2 Ke7 46. Bxh6 Kd6 47. Be3 Kc7 48. Kg1 Ne7 49. Kf2 Nc6 50. h4 Nb4 51. h5 Nd3+ 52. Ke2 Nb2 53. h6 1-0